 Dungeon Crawl Stone Soup version 0.32-a0-931-g5a2cda0630 (webtiles) character file.

Game seed: 2616476410754732868

862 Zaelin the Cleaver (level 8, -1/58 HPs)
             Began as a Formicid Fighter on Apr 14, 2024.
             Slain by a water moccasin (4 damage)
             ... on level 5 of the Dungeon.
             The game lasted 00:09:45 (4551 turns).

Zaelin the Cleaver (Formicid Fighter)               Turns: 4551, Time: 00:09:46

Health: -1/58      AC:  6    Str: 24    XL:     8   Next: 22%
Magic:  8/8        EV:  9    Int:  7    God:
Gold:   232        SH:  4    Dex: 13    Spells: 7/7 levels left

rFire   . . .        a - +0 war axe
rCold   . . .        c - +0 buckler
rNeg    . . .        x - +3 leather armour
rPois   .            (helmet unavailable)
rElec   .            (no cloak)
rCorr   .            (no gloves)
SInv    +            (no boots)
Will    +....        (no amulet)
Stlth   +            (no ring)
HPRegen 0.29/turn    (no ring)
MPRegen 0.11/turn

%: no passive effects
@: brilliant, lethally poisoned (-1 -> -7), enlightened, flying
A: permanent stasis, dig shafts and tunnels, antennae 3, four strong arms
a: Dig, Shaft Self


You were on level 5 of the Dungeon.
You visited 1 branch of the dungeon, and saw 5 of its levels.

You collected 232 gold pieces.

Inventory:

Hand Weapons
 a - a +0 war axe (weapon)
Missiles
 t - 2 boomerangs (quivered)
Armour
 c - a +0 buckler (worn)
 x - a +3 leather armour (worn)
Wands
 r - a wand of roots (2)
Scrolls
 f - a scroll of revelation {unknown}
 g - a scroll of immolation {unknown}
 i - a scroll of noise
 l - a scroll of poison {unknown}
 m - a scroll of blinking {unknown}
 n - a scroll of acquirement {unknown}
 o - a scroll of identify {unknown}
 s - a scroll of vulnerability {unknown}
 v - 2 scrolls of fear
Potions
 d - a potion of might
 h - a potion of heal wounds {unknown}
 k - a potion of lignification {unknown}
 p - 2 potions of brilliance
 q - a potion of enlightenment
 u - a potion of curing {unknown}
 w - a potion of mutation {unknown}


   Skills:
 - Level 3.2 Fighting
 + Level 9.0 Axes
 - Level 3.2 Armour
 - Level 4.0 Shields


You had 7 spell levels left.
You didn't know any spells.
Your spell library contained the following spells:

 Spells                   Type           Power      Damage    Failure   Level
 Slow                     Hex            0%         N/A       54%         1
 Confusing Touch          Hex            0%         N/A       88%         3
 Frozen Ramparts          Ice            0%         1d1       88%         3
 Ozocubu's Armour         Ice            0%         N/A       88%         3
 Vampiric Draining        Necr           0%         2d6       88%         3
 Arcjolt                  Conj/Air       0%         1d10      100%        5
 Metabolic Englaciation   Hex/Ice        0%         N/A       100%        5
 Maxwell's Capacitive Co  Air            0%         ∞         100%        8
 Maxwell's Portable Pile  Tloc           Unusable   2d(5-13)  N/A         3

Dungeon Overview and Level Annotations

Branches:
Dungeon (5/15)
 Temple: D:4-7

Altars:
Qazlal
Trog
Wu Jian
Xom

Shops:
D:4 (


Innate Abilities, Weirdness & Mutations

You cannot be hasted, slowed, berserked, paralysed or teleported.
You can dig through walls and to a lower floor.
You have a pair of large antennae on your head. (SInv)
Your four strong arms can wield two-handed weapons with a shield.


Message History

The water moccasin bites you.
You are poisoned.
The water moccasin poisons you!
You barely miss the water moccasin.
The water moccasin is moderately wounded.
You feel very sick.
The water moccasin bites you but does no damage.
The water moccasin bites you!
You are more poisoned.
The water moccasin poisons you!
You hit the water moccasin but do no damage.
The water moccasin is moderately wounded.
You feel extremely sick. The water moccasin barely misses you.
Unknown command.
You hit the water moccasin.
The water moccasin is heavily wounded.
You feel very sick. The water moccasin bites you!
The water moccasin bites you but does no damage.
You hit the water moccasin.
The water moccasin is heavily wounded.
You feel very sick.
The water moccasin bites you but does no damage.
You barely miss the water moccasin.
The water moccasin is heavily wounded.
You feel very sick. You block the water moccasin's attack.
The water moccasin bites you.
* * * LOW HITPOINT WARNING * * *
Unknown command.
It was a potion of brilliance.
You feel clever all of a sudden.
You feel sick. The water moccasin bites you!
* * * LOW HITPOINT WARNING * * *
It was a potion of enlightenment.
You feel very buoyant.
You fly up into the air.
* * * LOW HITPOINT WARNING * * *
You feel sick. The water moccasin bites you.
You die...

### ##.## ## ##.#.## ..
######.###.#####.##.##
#.....## ##...<.......
#.###..###.@######....
##.###.#.#.#†S....... .
####...##.##)##.########
#.........##.##.#
#.##...#####.##.#
.......## ...#.# ##.###.
###...# # #. #..... #.
#...###


You could see a water moccasin.

Vanquished Creatures
  An ice beast (D:5)
  2 black bears (D:4)
  2 ogres
  3 orc priests
  A hound (D:4)
  4 iguanas
  An orc wizard (D:3)
  An adder (D:4)
  A gnoll (D:3)
  An ufetubus (D:5)
  11 dart slugs
  2 ribbon worms
  10 orcs
  10 bats
  7 endoplasms
  7 giant cockroaches
  5 goblins
  11 hobgoblins
  11 jackals
  6 kobolds
  A quokka (D:1)
  13 ball pythons
  4 frilled lizards
  9 rats
124 creatures vanquished.

Notes
Turn   | Place    | Note
-------+----------+-------------------------------------------
     0 | D:1      | Zaelin the Formicid Fighter began the quest for the Orb.
     0 | D:1      | Reached XP level 1. HP: 18/18 MP: 1/1
    99 | D:1      | Reached XP level 2. HP: 17/24 MP: 2/2
   193 | D:1      | Reached skill level 3 in Axes
   283 | D:1      | Reached XP level 3. HP: 29/29 MP: 3/3
  1099 | D:2      | Reached skill level 4 in Axes
  1099 | D:2      | Reached XP level 4. HP: 31/35 MP: 4/4
  1944 | D:3      | Found Ripnim's Book Shoppe.
  1980 | D:3      | Reached XP level 5. HP: 30/41 MP: 5/5
  2038 | D:3      | Reached skill level 5 in Axes
  2787 | D:4      | Noticed an ogre
  2791 | D:4      | Killed an ogre
  2792 | D:4      | Reached skill level 6 in Axes
  2792 | D:4      | Reached XP level 6. HP: 34/47 MP: 6/6
  3003 | D:4      | Noticed a black bear
  3008 | D:4      | Killed a black bear
  3009 | D:4      | Reached skill level 7 in Axes
  3009 | D:4      | Reached XP level 7. HP: 46/52 MP: 7/7
  3176 | D:4      | Found an ornate altar of the Wu Jian Council.
  3263 | D:4      | Found Ysaac's Weapon Emporium.
  3955 | D:4      | Reached skill level 8 in Axes
  3987 | D:4      | Found a bloodstained altar of Trog.
  4016 | D:4      | Found a shimmering altar of Xom.
  4199 | D:5      | Entered Level 5 of the Dungeon
  4219 | D:5      | Identified the +1 dagger of the Lumpy Yaks {venom, rF+
                  | Int+7 SInv}
  4237 | D:5      | Noticed a water moccasin
  4257 | D:5      | Reached XP level 8. HP: 58/58 MP: 8/8
  4274 | D:5      | Found a stormy altar of Qazlal.
  4421 | D:5      | Reached skill level 9 in Axes
  4551 | D:5      | Slain by a water moccasin

Illustrated notes

Levels and vault maps discovered:
D:1:      evilmike_arrival_crescent, layout_basic, feat_on_display
D:2:      minmay_razor_zed, layout_basic,
          chequers_ecumenical_altar_simple_redux, basic_altar
D:3:      layout_loops_corners, serial_shops, shop, grunt_decor_cap,
          dreamdust_princess_corridor
D:4:      kennysheep_slugbush, layout_loops_ring, kennysheep_mini_moat,
          mainiacjoe_overflow_swirl, serial_shops, shop
D:5:      layout_loops_ring, grunt_temple_overflow_open

Skill      XL: |  1  2  3  4  5  6  7  8 |
---------------+-------------------------+-----
Axes           | 3 4 6 7 8 9 |  9.0
Fighting       | |  3.2
Armour         | |  3.2
Shields        | |  4.0

Action                     |  1- 3 |  4- 6 |  7- 9 || total
---------------------------+-------+-------+-------++-------
  Melee: War axe           |    92 |   157 |    92 ||   341
  Throw: Boomerang         |       |       |     2 ||     2
  Evoke: Wand              |       |     2 |     1 ||     3
    Use: Scroll            |       |       |     4 ||     4
         Potion            |       |       |     2 ||     2
 Armour: Scale mail        |    83 |   125 |    37 ||   245
         Leather armour    |       |       |    63 ||    63
  Dodge: Dodged            |    54 |    67 |    47 ||   168
  Block: Buckler           |    29 |    24 |    23 ||    76

Table legend: (Time is in decaauts)
 A = Elapsed time spent in this place.
 B = Non-inter-level travel time spent in this place.
 C = Inter-level travel time spent in this place.
 D = Time resting spent in this place.
 E = Time spent auto-exploring this place.
 F = Levels seen in this place.
 G = Mean time per level.
                   A        B        C        D        E       F      G
               +--------+--------+--------+--------+--------+-----+--------+
         Total |   4683 |   4558 |    125 |    803 |   2553 |   5 |  936.6 |
       Dungeon |   4683 |   4558 |    125 |    803 |   2553 |   5 |  936.6 |
               +--------+--------+--------+--------+--------+-----+--------+

Top non-repeatable levels by time:
     D:3: 1546 daAuts
     D:4: 1427 daAuts
     D:1: 942 daAuts
     D:2: 621 daAuts
     D:5: 145 daAuts
